AoeStats
← [CL] Al3jandr0.magn00

Arabia

508123454Analyzed
1v1 RM · 10d ago on Sep 21, 2026· 33m 38s· 2 players
Game mode
Random Map
Map size
Tiny (2 player)
Population
200
Speed
Normal
Resources
Standard
Victory
Conquest
Starting age
Dark Age
Ending age
Imperial Age
RankedLock teamsTeams togetherTeam positionsShared explorationLock speedFull tech treeHidden civsTurbo modeCheats
Victory
Defeat
🇨🇱 Vietnamese · Chile
1788
+21
🇦🇷 Franks · Argentina
1901
-21
AiM | EleuieseKa
6:51 Loom
9:11 Feudal Age
9:18 Man-at-Arms
9:50 Double-Bit Axe
16:28 Fletching
17:40 Wheelbarrow
23:16 Castle Age
21:52 Padded Archer Armor
21:57 Gold Mining
23:16 Bloodlines
24:09 Bodkin Arrow
25:49 Ballistics
25:42 Husbandry
27:56 Scale Barding Armor
33:13 Chain Barding Armor
[CL] Al3jandr0.magn00
6:42 Loom
9:34 Feudal Age
10:12 Double-Bit Axe
16:29 Town Watch
18:07 Fletching
23:15 Castle Age
21:57 Gold Mining
22:46 Padded Archer Armor
23:54 Bodkin Arrow
23:46 Elite Skirmisher
24:44 Scale Barding Armor
24:51 Bow Saw
29:26 Ballistics
30:35 Leather Archer Armor
Connection lost

Rejoining the realm…

Still unreachable

The connection could not be restored.

Session expired

The server has moved on; the page needs a fresh start.